Cogmind - Beta 14 @@@ ROGUE MODE // 2025.01.20 @ 01:46:54 Player: Grundleshunts Result: Destroyed by Y-54 Guardian with Flak Gun Performance ------------- Evolutions (0) 0 Regions Visited (4) 800 Robots Destroyed (33) 165 Value Destroyed (833) 833 Prototype IDs (4) 80 Alien Tech Used (0) 0 Bonus (0) 0 TOTAL SCORE: 1878 Bonus ------- None Cogmind --------- Core Integrity 0/250 Matter 300/300 Energy 250/250 System Corruption 0% Temperature Cool (7) Movement Flying (115) Ox1 Location -7/Recycling Parts ------- > --- POWER (1) -------- Ion Engine > --- PROPULSION (2) --- VTOL Module > --- UTILITY (2) ------ Weight Redist. System > --- WEAPON (2) ------- Slug Cannon > --- INVENTORY (5) ---- Light Nuclear Core Improved Heat Sink Medium Storage Unit High-powered Shotgun Peak State ------------ > --- POWER ------------ Light Nuclear Core > --- PROPULSION ------- Light Treads Light Treads > --- UTILITY ---------- Improved Heat Sink Medium Storage Unit > --- WEAPON ----------- EM Shotgun EM Shotgun > --- INVENTORY -------- Ion Engine Light Nuclear Core Flight Unit Flight Unit Flight Unit Heat Sink Heat Sink Small Storage Unit Small Laser Mining Laser [Rating: 14] Favorites ----------- Power Ion Engine Engine Ion Engine Power Core Light Nuclear Core Propulsion Light Treads Treads Light Treads Flight Unit VTOL Module Utility Medium Storage Unit Device Improved Heat Sink Storage Medium Storage Unit Processor Signal Interpreter Protection Scrap Shield Weapon EM Shotgun Energy Gun EM Shotgun Ballistic Gun Subdweller Machine Gun Ballistic Cannon Slug Cannon Special Weapon Mining Laser Build | -11 -10 -10 -10 -7 ------- Run | Yrd Mat Min Sub Rec Slots Evolved . | . . . . . Power . | . . . . . Propulsion . | . . . . . Utility . | . . . . . Weapon . | . . . . . Parts Attached 38 | 7 11 7 9 4 Power 4 | 1 2 1 . . Engine 3 | 1 1 1 . . Core 1 | . 1 . . . Reactor . | . . . . . Propulsion 5 | 2 2 . . 1 Treads 4 | 2 2 . . . Leg . | . . . . . Wheel . | . . . . . Hover . | . . . . . Flight 1 | . . . . 1 Utility 7 | 2 2 1 1 1 Device 3 | 1 1 . . 1 Storage 2 | 1 1 . . . Processor 1 | . . 1 . . Hackware . | . . . . . Protection 1 | . . . 1 . Artifact . | . . . . . Weapon 22 | 2 5 5 8 2 Energy Gun 13 | 2 4 3 4 . Energy Cannon . | . . . . . Ballistic Gun 2 | . 1 . 1 . Ballistic Cannon 3 | . . . 1 2 Launcher . | . . . . . Special Weapon 4 | . . 2 2 . Impact Weapon . | . . . . . Slashing Weapon . | . . . . . Piercing Weapon . | . . . . . Special Melee Weapon . | . . . . . Unidentified Prototypes . | . . . . . Parts Lost 8 | . 3 1 . 4 Power 1 | . 1 . . . Propulsion 2 | . . . . 2 Utility 2 | . 1 . . 1 Weapon 3 | . 1 1 . 1 Highest Loss Streak 4 | . 1 1 . 4 To Critical Strikes . | . . . . . Average Slot Usage (%) 89 | . 98 100 84 63 Engine 11 | . 7 14 14 14 Core 2 | . 6 . . . Treads 25 | . 28 28 28 13 Device 5 | . 13 . . 4 Storage 7 | . 14 14 . . Processor 3 | . . 13 . . Protection 5 | . . . 13 6 Energy Gun 18 | . 25 25 14 . Ballistic Cannon 2 | . . . 1 14 Special Weapon 4 | . . 2 9 6 Peak Build Rating 14 | 7 14 12 12 13 Average Rating 10 | 5 10 9 11 9 On Entrance 8 | . 7 12 10 12 Naked Turns . | . . . . . Heaviest Build 31 | 15 22 22 31 31 Greatest Support 40 | 40 40 40 40 40 Greatest Overweight (x) 3 | . . . . 3 Average Overweight (x) . | . . . . . Largest Inventory Capacity 10 | 8 10 10 10 5 Average Capacity 7 | 7 9 10 5 5 Most Carried 10 | 3 10 10 10 5 Average Carried 6 | . 7 9 4 3 Final Capacity 10 | 8 10 10 5 5 Final Carried 10 | 3 9 10 4 4 Class Distribution -------------------- 74% | Mutant 19% | Scavenger-Mutant 5% | Subdweller-Mutant Dominant Class ---------------- Mutant | -10/Materials Mutant | -10/Mines Scavenger-Mutant | -10/Subcaves Mutant | -7/Recycling Resources | -11 -10 -10 -10 -7 ----------- Run | Yrd Mat Min Sub Rec Matter Collected 706 | 234 154 50 140 128 Remotely . | . . . . . Salvage Created 1285 | 125 739 318 103 . Parts 81 | 11 47 14 9 . Haulers Intercepted 2 | . 2 . . . Recyclers Shooed 3 | 1 2 . . . Parts Field Recycled . | . . . . . Retrieved Matter . | . . . . . Parts Self-Destructed 21 | . . . 21 . Prevented . | . . . . . Kills | -11 -10 -10 -10 -7 ------- Run | Yrd Mat Min Sub Rec Combat Hostiles Destroyed 26 | . 15 7 3 1 Guns 24 | . 15 6 3 . Cannons 1 | . . . . 1 Classes Destroyed 7 | 2 3 . 1 1 Tunneler 3 | 3 . . . . Hauler 2 | . 2 . . . Recycler 2 | 1 1 . . . Swarmer 8 | . 6 1 1 . Grunt 15 | . 9 6 . . Sentry 1 | . . . . 1 Subdweller 2 | . . . 2 . Best Kill Streak 3 | 3 3 2 1 1 Combat Bots Only 3 | . 3 2 1 1 Max Kills in Single Turn 1 | 1 1 1 1 1 Gunslinging . | . . . . . Exploded . | . . . . . Melee . | . . . . . Uniques/NPCs Destroyed . | . . . . . Combat | -11 -10 -10 -10 -7 -------- Run | Yrd Mat Min Sub Rec Hostile Shots Fired 198 | . 64 18 26 90 Missed 56 | . 15 7 13 21 Damage Taken 1443 | 32 538 151 214 508 Core 255 | 32 104 14 15 90 Absorbed by Shields . | . . . . . Core Remaining (%) 87 | 87 . . . . Volleys Fired 150 | 7 67 27 31 18 Largest 2 | 2 2 2 2 1 Hottest 120 | 80 90 100 120 48 Shots Fired 234 | 14 126 42 34 18 Gun 192 | 14 126 31 21 . Cannon 23 | . . . 5 18 Launcher . | . . . . . Special 19 | . . 11 8 . Kinetic 36 | . 13 . 5 18 Thermal 109 | . 77 11 21 . Explosive . | . . . . . Electromagnetic 89 | 14 36 31 8 . Robot Hit Streak 10 | 3 10 8 5 4 Robot Miss Streak 4 | 2 4 2 4 2 Penetration Max 1 | . . . . 1 Secondary Targets 6 | . 4 1 1 . Max Gunslinging Chain 1 | . 1 1 1 . Shots Hit Robots 139 | 7 79 29 16 8 Core Hits 65 | 4 34 19 6 2 Critical Kills . | . . . . . Critical Parts Destroyed 3 | . . . 1 2 Critical Strikes 4 | . . . 1 3 Destroy 4 | . . . 1 3 Melee Attacks . | . . . . . Impact . | . . . . . Slashing . | . . . . . Piercing . | . . . . . Sneak Attacks . | . . . . . Combat Hostiles . | . . . . . Follow-up Attacks . | . . . . . Damage Inflicted 2208 | 192 997 466 255 298 Guns 1712 | 129 941 466 176 . Cannons 377 | . . . 79 298 Explosions 119 | 63 56 . . . Melee . | . . . . . Ramming . | . . . . . Kinetic 449 | . 72 . 79 298 Thermal 767 | 63 598 . 106 . Explosive . | . . . . . Electromagnetic 992 | 129 327 466 70 . Impact . | . . . . . Slashing . | . . . . . Piercing . | . . . . . Highest Corruption . | . . . . . Average Corruption . | . . . . . Corruption Purged . | . . . . . Corruption Blocked . | . . . . . Overload Shots . | . . . . . Overflow Damage 34 | . 24 . . 10 Projectiles 10 | . . . . 10 Explosions 24 | . 24 . . . Melee . | . . . . . Knockbacks 2 | . . . 1 1 Impact . | . . . . . Kinetic 2 | . . . 1 1 Secondary . | . . . . . Self-Inflicted Damage 78 | 32 46 . . . Shots 3 | 1 2 . . . Rammed . | . . . . . Targets Rammed . | . . . . . Kicked . | . . . . . Crushed . | . . . . . Highest Temperature 234 | 48 234 115 2 172 Average Temperature 48 | 23 56 35 2 71 Received Heat Transfer 471 | . 159 81 93 138 Siege Activations . | . . . . . Robots Corrupted 1 | . . 1 . . Combat Hostiles 1 | . . 1 . . Parts Fried 6 | . 2 4 . . Impact Corruptions . | . . . . . Robots Melted . | . . . . . Combat Hostiles . | . . . . . Parts Melted . | . . . . . Heat Transferred 1550 | 100 1325 . 125 . Parts Sabotaged . | . . . . . Parts Stolen . | . . . . . Parts Stripped . | . . . . . Power Chain Reactions 3 | 1 2 . . . Alert | -11 -10 -10 -10 -7 ------- Run | Yrd Mat Min Sub Rec Peak Influence 257 | 20 257 153 . 46 Initial 31 | . 13 28 . 31 Average 75 | 7 103 82 . 21 Maximum Alert Level 1 | . 1 . . . Low Security (%) 96 | 100 91 100 . 100 Level 1 3 | . 8 . . . Level 2 . | . . . . . Level 3 . | . . . . . Level 4 . | . . . . . Level 5 . | . . . . . High Security . | . . . . . Max Security . | . . . . . Squads Dispatched 3 | . 3 . . . Investigation 1 | . 1 . . . Extermination . | . . . . . Reinforcement 2 | . 2 . . . Assault . | . . . . . Garrison . | . . . . . Intercept . | . . . . . Searches Triggered . | . . . . . Construction Impeded . | . . . . . Haulers Reinforced . | . . . . . Active Scanning Responses . | . . . . . Cargo Convoy Interrupts . | . . . . . Stealth | -11 -10 -10 -10 -7 --------- Run | Yrd Mat Min Sub Rec Distress Signals 5 | . 5 . . . Communications Jammed . | . . . . . Distress Signals . | . . . . . Times Spotted 66 | . 38 10 16 2 Peak Tracking Total 6 | . 6 3 6 1 Tactical Retreats 2 | . . 1 1 . Traps | -11 -10 -10 -10 -7 ------- Run | Yrd Mat Min Sub Rec Traps Triggered 4 | . 2 . 2 . Indirectly . | . . . . . Trap Hack Attempts . | . . . . . Triggered . | . . . . . Disarmed . | . . . . . Reprogrammed . | . . . . . Reused . | . . . . . Traps Extracted . | . . . . . Installed . | . . . . . Triggered 1 | . 1 . . . Machines | -11 -10 -10 -10 -7 ---------- Run | Yrd Mat Min Sub Rec Machines Disabled 4 | . 2 . 2 . Max in Single Turn 1 | . 1 . 1 . Machines Repaired . | . . . . . Machines Dismantled . | . . . . . Machines Sabotaged . | . . . . . Overloaded Fab Kills . | . . . . . Hacking | -11 -10 -10 -10 -7 --------- Run | Yrd Mat Min Sub Rec Machines Accessed 10 | . 7 . . 3 Terminals 9 | . 6 . . 3 Fabricators . | . . . . . Repair Stations 1 | . 1 . . . Recycling Units . | . . . . . Scanalyzers . | . . . . . Garrison Access . | . . . . . Total Hacks 21 | . 14 . . 7 Successful 12 | . 8 . . 4 Failed 9 | . 6 . . 3 Catastrophic 1 | . 1 . . . Database Lockouts . | . . . . . Manual . | . . . . . Terminals 19 | . 12 . . 7 Fabricators . | . . . . . Repair Stations 2 | . 2 . . . Recycling Units . | . . . . . Scanalyzers . | . . . . . Garrison Access . | . . . . . Terminal Hacks 12 | . 8 . . 4 Prototype ID Bank 2 | . 1 . . 1 Unreport Threat 1 | . 1 . . . Locate Traps 1 | . 1 . . . Dispatch Records 1 | . . . . 1 Maintenance Status 1 | . . . . 1 Transport Status 1 | . 1 . . . Investigation Status 1 | . 1 . . . Reinforcement Status 1 | . 1 . . . Hauler Manifests 2 | . 1 . . 1 Zone Layout 1 | . 1 . . . Fabricator Hacks . | . . . . . Repair Station Hacks . | . . . . . Recycling Unit Hacks . | . . . . . Scanalyzer . | . . . . . Garrison Access Hacks . | . . . . . Unauthorized Hacks . | . . . . . Terminals . | . . . . . Fabricators . | . . . . . Repair Stations . | . . . . . Recycling Units . | . . . . . Scanalyzers . | . . . . . Garrison Access . | . . . . . Data Cores Recovered . | . . . . . Used . | . . . . . Hacking Detections 9 | . 7 . . 2 Full Trace Events 1 | . 1 . . . Feedback Events . | . . . . . Feedback Blocked . | . . . . . Robot Schematics Acquired . | . . . . . Robots Built . | . . . . . Authchips . | . . . . . Time . | . . . . . Total Robot Build Rating . | . . . . . Part Schematics Acquired . | . . . . . Parts Built . | . . . . . Authchips . | . . . . . Time . | . . . . . Total Part Build Rating . | . . . . . Parts Repaired . | . . . . . Time . | . . . . . Parts Recycled . | . . . . . Recycled Matter . | . . . . . Retrieved Matter . | . . . . . Retrieved Components . | . . . . . Parts Scanalyzed . | . . . . . Part Schematics Acquired . | . . . . . Parts Damaged . | . . . . . Bothacking | -11 -10 -10 -10 -7 ------------ Run | Yrd Mat Min Sub Rec Used RIF Installer . | . . . . . Robots Hacked . | . . . . . Non-combat . | . . . . . Combat . | . . . . . Robot Hacks Applied . | . . . . . Relay Couplers Released . | . . . . . Fabnet Peak Effective % . | . . . . . Robots Rewired . | . . . . . Allies Hacked . | . . . . . Hacks Repelled . | . . . . . Allies | -11 -10 -10 -10 -7 -------- Run | Yrd Mat Min Sub Rec Total Allies . | . . . . . Largest Group . | . . . . . Highest-Rated Group . | . . . . . Highest-Rated Ally . | . . . . . Total Orders . | . . . . . Ally Attacks . | . . . . . Total Damage . | . . . . . Kills . | . . . . . Allies Corrupted . | . . . . . Allies Melted . | . . . . . Intel | -11 -10 -10 -10 -7 ------- Run | Yrd Mat Min Sub Rec Robot Analysis Total . | . . . . . Derelict Logs Recovered 1 | . . 1 . . Drone Launches . | . . . . . Drone Recoveries . | . . . . . Exploration | -11 -10 -10 -10 -7 ------------- Run | Yrd Mat Min Sub Rec Turns Passed 3822 | 99 1188 824 1113 598 Spaces Moved 2030 | 44 584 422 623 357 Core 53 | 4 . . . 49 Treads 1813 | 40 584 422 623 144 Legs . | . . . . . Wheels . | . . . . . Hover . | . . . . . Flight 164 | . . . . 164 Fastest Speed 50 | 50 160 160 160 115 Average Speed 157 | 150 160 160 160 145 Slowest Speed 200 | 160 160 160 160 200 Overloaded Moves . | . . . . . Propulsion Burnouts . | . . . . . Robots Hopped . | . . . . . Cave-ins Triggered . | . . . . . Exploration Rate (%) 60 | 3 92 89 56 62 Regions Visited 4 Branch Regions 3 Pre-discovered Areas 1 | . . 1 . . Known Exits Taken 1 | . . 1 . . Unknown Exits Taken 3 | 1 1 . 1 . Scrap Searched 1 | . . 1 . . Spaces Dug 15 | . . 11 . 4 Terrain Destroyed 23 | . 5 11 1 6 Melee . | . . . . . Projectile 18 | . . 11 1 6 AOE 5 | . 5 . . . Terrain Rammed . | . . . . . Walls Destroyed . | . . . . . Machines Disabled . | . . . . . Actions | -11 -10 -10 -10 -7 --------- Run | Yrd Mat Min Sub Rec Total 2391 | 60 721 505 689 416 Wait 118 | . 26 47 12 33 Move 2026 | 43 583 421 622 357 Hop . | . . . . . Pick Up 26 | 3 18 2 1 2 Fast Attach 16 | 7 3 . 4 2 Attach 3 | . 2 1 . . Detach 2 | . . . 2 . Swap 19 | . 6 6 5 2 Drop 30 | . 16 1 11 2 Fire 150 | 7 67 27 31 18 Melee . | . . . . . Ram . | . . . . . Kick . | . . . . . Crush . | . . . . . Escape Stasis . | . . . . . Rewire . | . . . . . Trap . | . . . . . Miscellaneous 1 | . . . 1 . Route ------- -11/Scrapyard -10/Materials (discovered 5 exits: [*Mat x3] / [*Min x2]) -10/Mines (discovered 2 exits: [*Mat] / *Sub) -10/Subcaves (discovered 3 exits: [*Mat x2] / *Rec) -7/Recycling History --------- Turn | Location | Event 11 | -11/Scrapyard | Discovered new exit (range 16) 100 | -11/Scrapyard | Entered Materials 305 | -10/Materials | Build established: Mutant 673 | -10/Materials | Core integrity fell below 50% 687 | -10/Materials | Discovered new exit (range 13) 786 | -10/Materials | Discovered new exit (range 4) 991 | -10/Materials | Discovered new exit (range 10) 1119 | -10/Materials | Discovered new exit (range 15) 1155 | -10/Materials | Discovered new exit (range 14) 1288 | -10/Materials | Entered Mines 1469 | -10/Mines | Received a Rocket Launcher from a helpful Derelict 1702 | -10/Mines | Discovered new exit (range 7) 1870 | -10/Mines | Learned location of Recycling (-7) 2099 | -10/Mines | Discovered new exit (range 7) 2107 | -10/Mines | Identified exit to Subcaves 2112 | -10/Mines | Entered Subcaves 2153 | -10/Subcaves | Discovered new exit (range 15) 2193 | -10/Subcaves | Ambushed by swarm of Subdwellers 2234 | -10/Subcaves | Shifting Twisted Machinery released Mak. Light Armor Plating 2237 | -10/Subcaves | Shifting Twisted Machinery released Battle Cannon 3000 | -10/Subcaves | Discovered new exit (range 10) 3029 | -10/Subcaves | Build established: Scavenger-Mutant 3090 | -10/Subcaves | Discovered new exit (range 12) 3225 | -10/Subcaves | Entered Recycling 3226 | -7/Recycling | Met a Zionite searching for Scraptown 3350 | -7/Recycling | Build established: Mutant 3496 | -7/Recycling | Core integrity fell below 20% 3532 | -7/Recycling | Lost 4 parts (2n1u1w) 3823 | -7/Recycling | Destroyed by Y-54 Guardian with Flak Gun Last Messages --------------- >>Manifests Retrieving manifest data... No active manifests on record. >>Enumerate(Maintenance) Found 33 registered maintenance bots. 3 Workers 2 Builders 1 Tunneler 27 Recyclers Downloaded coordinate data. >>Enumerate(Squads) Retrieving dispatch records... No active records found. Acquired VTOL Module. Dropped Weight Redist. System. Acquired Weight Redist. System. Acquired Hpw. Shotgun. Acquired 76 matter. Connecting with Terminal... Y-54 Guardian springs to life. Map ----- +----------------------------------------------------+ | + #????????????????????????????????????????? | | # #????????????????????????????????????????? | | +##### ##????????????????????????????????????????? | | #???# #????????###########??????????????????????? | | ##### ###??????# #??????????????????????? | | ""#??????# "" #??????????????????????? | | Y"#??????# "" """ #??????????????????????? | | ""#??????# "T """ #??????????????????????? | | ###??????# "" """ #??????????????????????? | | ########## "" """ #??????????????????????? | | # """ #??????????????????????? | | + #??????????????????????? | | ###########??????????????????????? | | ##????????????????????????????????? | | ##########????????????????????????? | | #####+##+#### + #????????????????????????? | | #?# ! ! # # """ #????????????????????????? | | #?#% / ! # # """ #????????????????????????? | | #?# # # """ #????????????????????????? | | ###% =# # #????????????????????????? | | + # # """ #????????????????????????? | | ### # # """ #????????????????????????? | | #?# %% # # """ #????????????????????????? | | #?# # # #????????????????????????? | | #########+### #####+#########+###???????????????? | | r @ ????????? | | ????????? | | ????????? | | Y"#######################Y##"Y"#########?????????? | | ""#?????????????????????###?"""#?????????????????? | | ###??????????????????????????###?????????????????? | | ?????????????????????????????????????????????????? | | ?????????????????????????????????????????????????? | | | | | | | | | | | | | | | | | | | | | | | | | | | | | | | | | | | +----------------------------------------------------+ Best States ------------- Heat Dissipation 39 Energy Generation 14 Energy Capacity 250 Matter Stores 300 Matter Capacity 300 Sight Range 16 Terrain Scan Density 10 Additional Mass Support 6 Armor Coverage 800 Evasion (%) 40 Recoil Reduction 2 Item Schematics ----------------- None Robot Schematics ------------------ None Fabricated ------------ Nothing Alien Tech Used ----------------- None Achievements -------------- None Challenges ------------ None Game ------ Seed ShieldLobotomyMicrothruster Manual? 0 Play Time 00:50:19 Cumulative 12.5 hours Start 2025.01.20 @ 00:55:11 End 2025.01.20 @ 01:46:54 Sessions 1 Manual Loads 0 Difficulty Rogue Special Mode None Game No. 10 Rogue 10 Adventurer 0 Explorer 0 Win Type - Total 0 Types 0/0/0/0/0/0/0/0/0 Lore% 2 Gallery% 11 Achievement% 11 Wizard Run 0 Options --------- Layout 1 ASCII 0 Keyboard 0 Movement Numpad Keybinds 0 Fullscreen 2 Font 48/Smallcaps Map View 50x35 Zoom Use 0% Tactical HUD 0 Map Filters NONE Filters NONE Steam 1 RUN: 476ef8ee-859e-47c8-809c-6172009c6bae